Map: Imperio eterno EE

Players

MrFercho

  • Race: Zerg Zerg
  • League: Silver
  • Spawn Location: 1:00

Serge - Winner!

  • Race: Zerg Zerg
  • League: Silver
  • Spawn Location: 7:00

VOD

Have the link to the VOD?

Description

Time

  • Played on: July 1, 2020, 8:32 p.m.
  • Length: 22:23
Show
View Real Time Build Order
Export as new Build Order

MrFercho Zerg 

Build Orders: Hatch First 

Get SALT Encoding   

  12  0:01  Drone  
  13  0:13  Overlord  
  13  0:21  Drone  
  14  0:32  Drone x2  
  16  0:54  Hatchery, Drone  
  16  0:58  Drone  
  16  1:01  Drone  
  18  1:17  Spawning Pool  
  17  1:19  Drone  
  18  1:27  Drone  
  19  1:35  Extractor  
  19  1:36  Drone  
  19  1:40  Drone  
  20  2:02  Overlord  
  20  2:05  Zergling x2  
  21  2:08  Drone  
  21  2:12  Drone  
  23  2:17  Drone  
  24  2:30  Drone x2  
  24  2:33  Drone  
  27  2:40  Zergling x2  
  27  2:41  Queen  
  29  2:48  Spine Crawler  
  27  2:57  Zergling x6  
  30  3:03  Drone  
  30  3:13  Queen  
  30  3:14  Drone x2  
  34  3:25  Drone x2  
  36  3:37  Zergling x2  
  35  3:43  Spine Crawler  
  30  3:50  Zergling x8  
  30  3:58  Drone x4  
  30  4:01  Extractor  
  33  4:08  Roach Warren  
  32  4:12  Zergling x2  
  32  4:13  Zergling x2  
  34  4:50  Hatchery  
  34  4:51  Overlord x3  
  34  4:52  Hatchery  
  32  4:55  Lair  
  32  5:13  Zergling x6  
  35  5:26  Evolution Chamber, Drone x2  
  36  5:39  Roach  
  36  5:40  Roach x2  
  42  5:50  Drone  
  42  5:56  Drone  
  42  5:57  Drone x2  
  46  6:02  Drone  
  47  6:09  Drone x2  
  47  6:10  Queen  
  51  6:13  Drone  
  52  6:21  Drone x2  
  54  6:26  Drone x2  
  54  6:30  Overlord  
  56  6:37  Drone x3  
  59  6:41  Extractor  
  59  6:44  Extractor  
  57  6:52  Queen  
  59  6:59  Drone  
  60  7:03  Drone x7  
  67  7:20  Evolution Chamber  
  66  7:26  Spine Crawler  
  66  7:29  Spine Crawler  
  64  7:30  Spore Crawler  
  63  7:37  Roach  
  63  7:38  Roach x4  
  63  7:40  Drone  
  63  7:42  Overlord  
  74  7:48  Zerg Missile Weapons Level 1  
  74  7:53  Hydralisk Den  
  73  8:09  Spore Crawler  
  73  8:11  Spore Crawler  
  73  8:12  Hatchery  
  67  8:22  Hydralisk x2  
  67  8:23  Hydralisk  
  69  8:38  Hydralisk x3  
  72  8:43  Drone  
  72  8:54  Hydralisk x2  
  76  8:59  Drone x2  
  76  9:02  Drone  
  79  9:03  Drone  
  80  9:13  Zerg Ground Armor Level 1  
  80  9:26  Extractor, Drone x5  
  84  9:36  Spore Crawler  
  83  9:40  Spore Crawler  
  81  9:51  Hydralisk x3  
  87  9:54  Overlord  
  85  10:11  Queen  
  87  10:15  Overlord  
  87  10:16  Overlord x2  
  87  10:20  Hydralisk  
  89  10:36  Drone x7  
  89  10:37  Drone  
  97  10:49  Hydralisk x2  
  101  11:08  Spore Crawler  
  100  11:13  Hydralisk, Spore Crawler  
  100  11:14  Hydralisk x4  
  109  11:21  Drone x2  
  106  12:45  Queen  
  106  12:50  Hydralisk  
  106  12:51  Hydralisk x2  
  110  12:53  Overlord x4, Spore Crawler  
  110  12:54  Overlord x4, Spore Crawler  
  110  12:57  Zerg Missile Weapons Level 2  
  112  13:04  Infestation Pit  
  109  13:09  Muscular Augments  
  96  13:20  Hydralisk x10  
  108  13:33  Zerg Ground Armor Level 2  
  78  13:49  Hydralisk  
  78  13:50  Hydralisk x3  
  78  13:53  Overseer  
  74  13:59  Pneumatized Carapace  
  74  14:03  Hydralisk  
  76  14:13  Overseer  
  76  14:20  Grooved Spines  
  76  14:26  Hatchery  
  67  15:45  Hydralisk x3  
  67  15:46  Hydralisk x13  
  97  16:03  Drone  
  70  16:11  Hydralisk  
  70  16:12  Hydralisk x2  
  70  16:22  Overseer  
  70  16:30  Hydralisk  
  70  16:31  Hydralisk  
  72  17:35  Hatchery  
  72  17:36  Extractor  
  66  17:40  Hive  
  56  17:51  Hydralisk x5  
  52  18:06  Drone  
  52  18:07  Drone x3  
  48  18:22  Overseer  
  48  18:37  Hydralisk x2  
  52  18:57  Extractor  
  51  19:03  Zerg Missile Weapons Level 3  
  51  19:13  Drone x2  
  51  19:14  Extractor, Drone x5  
  57  19:30  Drone  
  58  19:38  Zerg Ground Armor Level 3  
  58  19:42  Drone x4  
  62  19:59  Hydralisk  
  64  20:05  Hatchery  
  63  20:13  Hydralisk x3  
  69  20:15  Hydralisk  
  68  20:38  Hydralisk x2  
  68  20:39  Hydralisk x4  
  61  20:55  Spawning Pool  
  61  20:56  Hydralisk  
  47  20:57  Hydralisk  
  38  21:20  Hydralisk x2  
  35  21:50  Drone  
  35  21:51  Drone x2  
Show
View Real Time Build Order
Export as new Build Order

Serge Zerg - Winner!

Build Orders: Pool First, Lurkers 

Get SALT Encoding   

  12  0:02  Drone  
  13  0:08  Drone  
  14  0:20  Overlord  
  14  0:25  Extractor  
  14  0:26  Drone  
  14  0:51  Drone x2  
  14  0:53  Spawning Pool  
  15  0:57  Drone  
  16  1:10  Drone  
  17  1:29  Hatchery  
  16  1:40  Zergling x4  
  18  1:47  Metabolic Boost  
  18  2:00  Queen  
  20  2:19  Drone x2  
  20  2:20  Overlord  
  22  2:37  Queen  
  22  2:44  Zergling x6  
  25  3:16  Zergling x10  
  29  3:21  Overlord  
  29  3:24  Queen  
  31  3:32  Lair  
  31  3:45  Zergling x6  
  31  3:46  Zergling x2  
  34  4:00  Overlord, Drone  
  34  4:01  Drone  
  36  4:22  Overlord x2, Drone x2  
  35  4:37  Drone x2  
  37  4:51  Drone  
  38  4:59  Drone x3  
  42  5:00  Drone x5  
  46  5:07  Extractor  
  46  5:12  Overseer  
  45  5:15  Spire  
  45  5:18  Drone  
  45  5:19  Drone  
  46  5:30  Spine Crawler  
  46  5:32  Extractor  
  44  5:35  Extractor  
  43  5:47  Evolution Chamber  
  42  5:51  Overlord, Drone x2  
  42  5:52  Drone x3  
  42  5:55  Overseer  
  47  6:06  Drone x3  
  50  6:22  Spire  
  50  6:29  Hydralisk Den  
  50  6:31  Mutalisk x4  
  57  6:44  Drone x4  
  61  6:53  Zerg Melee Weapons Level 1  
  61  6:59  Hatchery  
  60  7:04  Mutalisk x2  
  64  7:15  Mutalisk  
  66  7:30  Overlord x4, Lurker Den  
  65  7:38  Hydralisk x2  
  65  7:39  Hydralisk  
  65  7:40  Overlord  
  71  7:52  Drone x2  
  71  7:55  Grooved Spines  
  73  8:20  Mutalisk  
  73  8:21  Mutalisk x2  
  71  8:44  Mutalisk x3  
  77  8:55  Lurker  
  78  9:00  Queen  
  78  9:01  Overlord  
  78  9:02  Drone x5  
  85  9:03  Drone x6  
  91  9:16  Zerg Flyer Weapons Level 1  
  91  9:26  Lurker  
  91  9:29  Hydralisk  
  94  9:32  Overlord x2  
  94  9:34  Hydralisk  
  94  9:36  Drone x4  
  100  9:40  Extractor  
  100  9:42  Extractor  
  98  9:46  Mutalisk  
  94  10:13  Mutalisk x3  
  98  10:21  Lurker  
  99  10:30  Mutalisk  
  101  10:46  Mutalisk  
  101  10:47  Mutalisk  
  105  10:52  Muscular Augments  
  105  11:10  Hydralisk x2, Drone x3  
  105  11:11  Zerg Flyer Armor Level 1, Hydralisk x4  
  120  11:27  Zerg Missile Weapons Level 1  
  120  11:35  Overlord x3  
  120  11:36  Drone x6  
  120  11:37  Drone  
  127  11:54  Mutalisk x4  
  127  12:00  Hatchery  
  132  12:11  Mutalisk x3  
  130  12:29  Mutalisk  
  124  12:30  Mutalisk x2  
  130  12:42  Lurker x2  
  132  12:53  Mutalisk, Infestation Pit  
  133  13:04  Zerg Flyer Weapons Level 2, Overseer  
  121  13:30  Hydralisk x5  
  121  13:31  Hydralisk x5  
  131  14:03  Mutalisk  
  131  14:04  Mutalisk x5  
  131  14:05  Evolution Chamber  
  131  14:07  Evolution Chamber  
  141  14:11  Drone x2  
  141  14:12  Drone  
  144  14:24  Lurker x3  
  146  14:26  Zergling x2  
  146  14:27  Zergling x18  
  146  14:28  Zergling x2  
  144  15:24  Mutalisk  
  144  15:25  Mutalisk x8  
  133  16:21  Zerg Missile Weapons Level 2  
  133  16:24  Hydralisk x6  
  133  16:25  Overlord x2  
  145  16:26  Drone x4  
  149  16:42  Overlord x3  
  149  16:43  Extractor, Drone  
  149  16:46  Extractor  
  148  16:47  Queen  
  148  16:51  Lurker  
  137  17:14  Mutalisk x8  
  134  17:32  Hydralisk x7  
  91  18:07  Hydralisk  
  91  18:08  Hydralisk x8  
  95  18:22  Hatchery, Mutalisk x3  
  95  18:26  Queen  
  102  18:36  Zerg Melee Weapons Level 2  
  102  18:57  Hatchery  
  102  19:00  Zerg Ground Armor Level 1  
  102  19:02  Queen  
  103  19:09  Mutalisk  
  103  19:10  Mutalisk x4  
  113  19:37  Queen, Drone  
  117  19:52  Zergling x2  
  117  19:53  Zergling x24  
  129  20:08  Unknown  
  129  20:11  Drone  
  129  20:12  Queen x4  
  129  20:13  Queen  
  139  20:15  Hydralisk  
  139  20:16  Hydralisk x6  
  133  20:47  Queen  
  133  20:49  Queen  
  137  20:50  Zergling x2  
  137  20:51  Zergling x30  
  151  21:02  Overlord  
  151  21:03  Drone x3  
  151  21:04  Drone  
  145  21:21  Hydralisk x2  
  145  21:22  Hydralisk x4  
  157  21:31  Overlord x2, Drone, Hydralisk x2  
  160  21:41  Mutalisk  
  160  21:42  Mutalisk x4  
Tags
 
Composition
Lurkers
Matchup
ZvZ
Race
Zerg
Replay Pack
MrFercho
Spawn Locations
Cross Positions
Add a new tag
Caveats
  • Supply blocks, unpowered buildings, or Contaminate may cause inaccurate times.
  • Supply counts are checked every 10 seconds.